 Dungeon Crawl Stone Soup version 0.30-a0-715-gdb4ae3ece1 (webtiles) character file.

Game seed: 15045547474892706883

21607 Shayle the Demolition Demonspawn (level 12, 0/92 HPs)
             Began as a Demonspawn Reaver on Jan 24, 2023.
             Was an Elder of Makhleb.
             Slain by a meliai
             ... wielding a +0 hand axe
              (13 damage)
             ... in a Gauntlet.
             The game lasted 00:45:53 (16094 turns).

Shayle the Demolition Demonspawn (DsRe)            Turns: 16094, Time: 00:45:53

Health: 0/92       AC: 10    Str: 15    XL:     12   Next: 55%
Magic:  29/29      EV: 16    Int: 19    God:    Makhleb [****..]
Gold:   158        SH:  0    Dex: 21    Spells: 12/19 levels left

rFire   + . .      SeeInvis .    u - +2 whip (elec)
rCold   + . .      Faith    .    (no shield)
rNeg    . . .      Spirit   .    b - +0 leather armour
rPois   .          Reflect  .    i - +1 helmet
rElec   +          Harm     .    a - +0 cloak
rCorr   +          Rampage  .    (gloves unavailable)
Will    .....      NoTele   +    (no boots)
Stlth   +++++                    G - amulet of Coil Xisaph {Acrobat Dex+3 Stlth+}
HPRegen 0.35/turn                J - ring "Yforghinne" {rElec rF+ rCorr Dex+6}
MPRegen 0.21/turn                w - ring "Qinilimm" {rElec MP+9 Str+2 Stlth+}

@: no status effects
A: icy blue scales 3, spiny 1, demonic touch 3
a: Renounce Religion, Minor Destruction, Lesser Servant of Makhleb, Major
Destruction


You were in a Gauntlet.
You worshipped Makhleb.
Makhleb was greatly pleased with you.
You visited 3 branches of the dungeon, and saw 14 of its levels.
You also visited: Gauntlet.

You collected 846 gold pieces.
You spent 688 gold pieces at shops.

Inventory:

Hand Weapons
 p - a +2 spear of chaos
 u - a +2 whip of electrocution (weapon)
 C - a +3 dagger of venom
 F - a +4 dagger of draining
Missiles
 y - 2 throwing nets
 H - 2 curare-tipped darts (quivered)
Armour
 a - a +0 cloak (worn)
 b - a +0 leather armour (worn)
 i - a +1 helmet (worn)
Jewellery
 c - a ring of positive energy
 h - an amulet of guardian spirit
 n - a ring of ice
 v - a ring of ice
 w - the ring "Qinilimm" (right hand) {rElec MP+9 Str+2 Stlth+}
   (You acquired it on level 7 of the Dungeon)

   [ring of magical power]

   Str:       It affects your strength (+2).
   rElec:     It insulates you from electricity.
   MP:        It affects your magic capacity (+9).
   Stlth:     It makes you more stealthy.
 x - an amulet of magic regeneration
 G - the amulet of Coil Xisaph (around neck) {Acrobat Dex+3 Stlth+}
   (You found it in a Gauntlet)

   [amulet of the acrobat]

   It increases your evasion while moving and waiting.
   Dex:       It affects your dexterity (+3).
   Stlth:     It makes you more stealthy.
 J - the ring "Yforghinne" (left hand) {rElec rF+ rCorr Dex+6}
   (You bought it in a shop on level 5 of the Dungeon)

   [ring of dexterity]

   Dex:       It affects your dexterity (+6).
   rF:        It protects you from fire.
   rElec:     It insulates you from electricity.
   rCorr:     It protects you from acid and corrosion.
 M - a +5 ring of evasion
Wands
 e - a wand of light (6)
 f - a wand of charming (12)
 m - a wand of polymorph (25)
 t - a wand of digging (5)
 A - a wand of roots (5)
 D - a wand of flame (24)
 E - a wand of mindburst (13)
Scrolls
 d - 3 scrolls of teleportation
 j - a scroll of fog
 k - 2 scrolls of blinking
 l - 3 scrolls of immolation
 o - 2 scrolls of vulnerability
 q - a scroll of identify
 r - a scroll of amnesia
Potions
 g - a potion of might
 s - 2 potions of haste {unknown}
 z - 2 potions of brilliance
 B - a potion of ambrosia {unknown}
 I - a potion of magic {unknown}
 K - a potion of mutation {unknown}
 L - a potion of cancellation {unknown}


   Skills:
 + Level 7.8 Fighting
 - Level 3.1 Polearms
 - Level 2.5 Armour
 + Level 6.5 Dodging
 - Level 6.0 Stealth
 + Level 6.6 Unarmed Combat
 + Level 4.3 Spellcasting
 - Level 7.2 Conjurations
 - Level 4.0 Hexes
 + Level 2.4 Transmutations
 + Level 2.3 Air Magic
 - Level 5.8 Earth Magic
 - Level 5.2 Poison Magic
 + Level 11.4 Invocations


You had 12 spell levels left.
You knew the following spells:

 Your Spells              Type           Power      Damage    Failure   Level
a - Kiss of Death         Conj/Necr      68%        2d10      3%          1
b - Stone Arrow           Conj/Erth      58%        3d10      3%          3
c - Mephitic Cloud        Conj/Pois/Air  22%        N/A       6%          3

Your spell library contained the following spells:

 Spells                   Type           Power      Damage    Failure   Level
 Magic Dart               Conj           100%       1d8       1%          1
 Sandblast                Erth           52%        2d12      1%          1
 Shock                    Conj/Air       88%        1d8       2%          1
 Sting                    Tmut/Pois      72%        1d6       3%          1
 Passwall                 Tmut/Erth      15%        N/A       4%          2
 Momentum Strike          Conj/Tloc      34%        3d8       5%          2
 Poisonous Vapours        Pois/Air       36%        N/A       5%          2
 Hailstorm                Conj/Ice       17%        3d6       11%         3
 Swiftness                Air            13%        N/A       19%         3
 Olgreb's Toxic Radiance  Pois           23%        N/A       19%         4
 Inner Flame              Hex/Fire       11%        N/A       22%         3
 Leda's Liquefaction      Hex/Erth       11%        N/A       22%         4
 Iskenderun's Battlesphe  Conj           31%        2d8       22%         5
 Call Imp                 Summ           4%         N/A       26%         2
 Airstrike                Air            6%         2d(1-17)  52%         4
 Fireball                 Conj/Fire      8%         3d6       71%         5
 Dispel Undead            Necr           4%         3d7       86%         4
 Conjure Ball Lightning   Conj/Air       11%        3x3d6     98%         6
 Haunt                    Necr/Summ      2%         N/A       100%        7
 Orb of Destruction       Conj           15%        9d7       100%        7
 Borgnjor's Revivificati  Necr           2%         N/A       100%        8
 Necromutation            Tmut/Necr      4%         N/A       100%        8
 Death's Door             Necr           2%         N/A       100%        9


Dungeon Overview and Level Annotations

Branches:
Dungeon (9/15)             Temple (1/1) D:5            Lair (4/5) D:8
  Snake (0/4) Lair:2        Slime (0/5) Lair:4      Gauntlet (1/1)
  Swamp: Lair:2-3    Shoals: Lair:2-3       Orc: D:9-12

Altars:
Cheibriados
Dithmenos
Fedhas
Gozag
Hepliaklqana
Kikubaaqudgha
Makhleb
Okawaru
Qazlal
Ru
Trog
Uskayaw
Vehumet
Wu Jian
Xom
Yredelemnul

Shops:
D:5 =

Annotations:
D:7 2 transporters, Thatotherguy's ghost, novice HuHu
D:8 2 transporters, pokeman's ghost, novice DEHW
D:9 Psyche Gauntlet 13 transporters


Innate Abilities, Weirdness & Mutations

You are completely covered in icy blue scales. (AC +4, rC+)
You are partially covered in sharp spines.
Your touch may irresistibly damage your foes and sap their willpower.


Message History

The meliai is healed somewhat.
The meliai barely misses you. The meliai completely misses you.
The meliai is struck by your spines. The meliai hits you with a +0 war axe.
The meliai misses your smoke demon. The meliai closely misses you.
The meliai is struck by your spines. The meliai barely misses you.
The meliai closely misses you.
Your smoke demon hits the meliai.
Your smoke demon closely misses the meliai. x2
Aiming: Bolt of Light
Press: ? - help, Shift-Dir - straight line, f/p - meliai
Aim: a meliai, wielding a +0 hand axe and wearing a +0 leather armour (57% to hit)
The bolt of light hits the meliai!
You kill the meliai!
Makhleb accepts your kill.
You feel better.
The bolt of light hits the meliai!
The meliai is moderately wounded.
The meliai is blinded.
The meliai invokes the aid of its god against you.
Something smites you!
* * * LOW HITPOINT WARNING * * *
The meliai hits you with a +0 war axe!
* * * LOW HITPOINT WARNING * * *
The meliai barely misses your smoke demon.
The meliai misses you.
Your smoke demon hits the meliai.
Your smoke demon closely misses the meliai.
Your smoke demon hits the meliai but does no damage.
Okay, then.
Aiming: Mindburst
Press: ? - help, Shift-Dir - straight line, f - meliai, p - meliai
Aim: a meliai, wielding a +0 war axe and wearing a +0 leather armour (heavily wounded, ally target, chance to affect: 64%)
The meliai's mind is blasted!
You blow up the meliai!
Makhleb accepts your kill.
You feel better.
Aiming: Mindburst
Press: ? - help, Shift-Dir - straight line, f - meliai
Aim: a meliai, wielding a +0 hand axe and wearing a +0 leather armour (moderately wounded, blind, chance to affect: 64%)
The meliai struggles to resist.
The meliai barely misses you.
The meliai stings you but does no damage.
The meliai is struck by your spines. The meliai hits you with a +0 hand axe!
You die...

....#.###########################
....#.#§≈8§≈#©.........©.........
#####.###########################
.....©...........©#≈§≈≈8≈≈§≈#©...
#################################
#.........#.#..#^.....#.#xX.#.#..
#.......h2#.#...#.....#.#x.#...#.
#.#######h#.#.^)#y...##.#x##...##
##.#.#.#.##.#..3@#.##.#.##..#.#..
#....©....#.#..^###^..#.#....©...
#.#.#.#.#.#.#.##.#....#.##..#.#..
#.#######.#.##...^#.^.#.#.#######
#.........#.#.....#...#.#..#...#.
#h.(.©?[..#.#=..$©.#.}#.#..!.©=$x
###########.###########.#########
.................................
......................≈∩§........


You could see a balrug, a hell hound, a meliai (blind, ally target) and a
friendly smoke demon (summoned).

Vanquished Creatures
  A catoblepas (Lair:2)
  Erica (Lair:2)
  7 cane toads
  A torpor snail (Gauntlet)
  2 rime drakes
  2 meliai (Gauntlet)
  Prince Ribbit (D:6)
  12 blink frogs
  A hornet (Lair:2)
  4 flying skulls (Gauntlet)
  A wraith (D:9)
  A wyvern (Lair:1)
  36 yaks
  3 basilisks
  Menkaure (D:6)
  2 wargs
  3 nagas
  10 water moccasins
  Duvessa (D:7)
  5 orc warriors
  2 sky beasts
  2 black bears
  16 wolves
  An ogre (D:5)
  6 centaurs
  2 kobold brigands
  7 bullfrogs
  A gnoll sergeant (D:7)
  2 necrophages
  6 scorpions
  4 wights (D:7)
  Dowan (D:7)
  A killer bee (D:3)
  3 howler monkeys (D:8)
  2 hounds
  A jelly (D:4)
  11 orc priests
  Crazy Yiuf (D:7)
  An iguana (D:5)
  12 orc wizards
  9 gnolls
  5 adders
  A white imp (D:6)
  2 ufetubi (D:7)
  5 worms
  2 dart slugs
  38 orcs
  5 bats
  10 endoplasms
  5 giant cockroaches
  6 hobgoblins
  5 jackals (D:1)
  12 kobolds
  2 quokkas
  2 ball pythons (D:3)
  A goblin (D:1)
  5 rats
292 creatures vanquished.

Vanquished Creatures (collateral kills)
  A hydra (Lair:2)
  2 yaks (Lair:1)
3 creatures vanquished.

Vanquished Creatures (others)
  An orc wizard (D:8)
  20 fungi
  14 plants
  33 withered plants (Gauntlet)
68 creatures vanquished.

Grand Total: 363 creatures vanquished

Notes
Turn   | Place    | Note
-------+----------+-------------------------------------------
     0 | D:1      | Shayle the Demonspawn Reaver began the quest for the Orb.
     0 | D:1      | Reached XP level 1. HP: 16/16 MP: 3/3
    57 | D:1      | Gained mutation: You are partially covered in icy blue
                  | scales. (AC +2) [demonic ancestry]
    57 | D:1      | Reached XP level 2. HP: 12/22 MP: 5/5
   500 | D:1      | Found a faded altar of an unknown god.
   886 | D:2      | Reached skill level 1 in Stealth
   886 | D:2      | Reached skill level 1 in Hexes
   886 | D:2      | Reached XP level 3. HP: 25/25 MP: 6/6
  1784 | D:3      | Found a stormy altar of Qazlal.
  1917 | D:3      | Gained mutation: Your touch may inflict minor irresistible
                  | damage on your foes. [demonic ancestry]
  1917 | D:3      | Reached XP level 4. HP: 34/34 MP: 7/7
  2665 | D:5      | Entered Level 5 of the Dungeon
  2670 | D:5      | Learned a level 3 spell: Stone Arrow
  2737 | D:5      | Found Oxkaomp's Jewellery Emporium.
  2815 | D:5      | Noticed a scorpion
  2821 | D:5      | Killed a scorpion
  2822 | D:5      | Gained mutation: You are partially covered in sharp spines.
                  | [demonic ancestry]
  2822 | D:5      | Reached XP level 5. HP: 26/37 MP: 8/8
  2906 | D:5      | Found a staircase to the Ecumenical Temple.
  2935 | D:5      | Reached skill level 1 in Unarmed Combat
  2978 | Temple   | Entered the Ecumenical Temple
  3213 | Temple   | Became a worshipper of Makhleb the Destroyer
  3478 | D:3      | Noticed Sigmund
  3513 | D:4      | Found a bloodstained altar of Trog.
  3648 | D:4      | Reached XP level 6. HP: 34/47 MP: 5/9
  3649 | D:4      | Reached skill level 1 in Earth Magic
  3824 | D:4      | Found an iron altar of Okawaru.
  3824 | D:4      | Found a hazy altar of Hepliaklqana.
  4139 | D:5      | Reached skill level 1 in Invocations
  4182 | D:5      | Gained mutation: Your touch may inflict irresistible damage
                  | on your foes. [demonic ancestry]
  4182 | D:5      | Reached XP level 7. HP: 39/52 MP: 6/10
  4258 | D:5      | Reached skill level 2 in Invocations
  4964 | D:6      | Reached skill level 3 in Invocations
  4964 | D:6      | Reached XP level 8. HP: 54/60 MP: 9/11
  5236 | D:6      | Noticed Menkaure
  5248 | D:6      | Killed Menkaure
  5248 | D:6      | Reached * piety under Makhleb
  5720 | D:3      | Sigmund changed into Sigmund the killer bee
  5720 | D:3      | Noticed Sigmund
  5722 | D:3      | Killed Sigmund the killer bee
  6049 | D:3      | Reached skill level 4 in Invocations
  6415 | D:6      | Noticed Prince Ribbit
  6422 | D:6      | Killed Prince Ribbit
  6423 | D:6      | Reached XP level 9. HP: 39/66 MP: 4/12
  6787 | D:5      | Learned a level 3 spell: Mephitic Cloud
  7431 | D:7      | Reached skill level 5 in Invocations
  7573 | D:7      | Reached skill level 5 in Conjurations
  7688 | D:7      | Found a transporter.
  7725 | D:7      | Reached skill level 1 in Poison Magic
  7754 | D:7      | Noticed Thatotherguy's ghost (novice HuHu)
  7970 | D:7      | Reached skill level 5 in Fighting
  8509 | D:7      | Noticed Dowan
  8509 | D:7      | Noticed Duvessa
  8536 | D:7      | Killed Duvessa
  8536 | D:7      | Reached ** piety under Makhleb
  8547 | D:7      | Reached skill level 6 in Invocations
  8548 | D:7      | Killed Dowan
  8751 | D:7      | Found a transporter.
  8776 | D:7      | Found a sacrificial altar of Ru.
  8779 | D:7      | Found a hide-covered altar of Uskayaw.
  8973 | D:7      | Found a runed translucent door.
  8974 | D:7      | Noticed Crazy Yiuf
  8985 | D:7      | Killed Crazy Yiuf
  9069 | D:7      | Identified a scroll of acquirement
  9069 | D:7      | Acquired the ring "Qinilimm" {rElec MP+9 Str+2 Stlth+}
  9226 | D:8      | Got Epraun's Papyrus of Charming Resurrection
  9374 | D:8      | Found a transporter.
  9484 | D:8      | Found a staircase to the Lair.
  9515 | Lair:1   | Entered Level 1 of the Lair of Beasts
  9515 | Lair:1   | Noticed a cane toad
  9515 | Lair:1   | Noticed a cane toad
  9523 | D:8      | Killed a cane toad
  9524 | D:8      | Reached skill level 5 in Dodging
  9524 | D:8      | Gained mutation: You are mostly covered in icy blue scales.
                  | (AC +3) [demonic ancestry]
  9524 | D:8      | Reached XP level 10. HP: 26/74 MP: 7/15
  9526 | D:8      | Reached skill level 7 in Invocations
  9756 | D:8      | Reached skill level 5 in Stealth
 10060 | D:8      | Found a transporter.
 10267 | D:8      | Noticed pokeman's ghost (novice DEHW)
 10538 | D:9      | Noticed Psyche
 10591 | Lair:1   | Killed a cane toad
 10592 | Lair:1   | Reached skill level 8 in Invocations
 10592 | Lair:1   | Reached *** piety under Makhleb
 10986 | Lair:1   | Reached skill level 5 in Unarmed Combat
 11178 | Lair:1   | Reached skill level 5 in Earth Magic
 11178 | Lair:1   | Gained mutation: You are completely covered in icy blue
                  | scales. (AC +4, rC+) [demonic ancestry]
 11178 | Lair:1   | Reached XP level 11. HP: 37/81 MP: 12/17
 11185 | Lair:1   | Reached skill level 9 in Invocations
 11814 | Lair:1   | Reached skill level 1 in Armour
 12506 | Lair:2   | Reached skill level 10 in Invocations
 13044 | Lair:2   | Noticed Erica
 13052 | Lair:2   | Killed Erica
 13053 | Lair:2   | Reached skill level 5 in Poison Magic
 13206 | Lair:2   | Found a staircase to the Snake Pit.
 13568 | D:5      | Bought the ring "Yforghinne" {rElec rF+ rCorr Dex+6} for
                  | 688 gold pieces
 13730 | Lair:2   | Noticed a five-headed hydra
 13734 | Lair:2   | Killed a five-headed hydra
 13740 | Lair:2   | Noticed a catoblepas
 13760 | Lair:2   | Killed a catoblepas
 13761 | Lair:2   | Gained mutation: Your touch may irresistibly damage your
                  | foes and sap their willpower. [demonic ancestry]
 13761 | Lair:2   | Reached XP level 12. HP: 53/91 MP: 2/20
 14503 | Lair:2   | Reached **** piety under Makhleb
 14504 | Lair:2   | Reached skill level 1 in Transmutations
 14518 | Lair:2   | Reached skill level 1 in Air Magic
 14518 | Lair:2   | Reached skill level 11 in Invocations
 15540 | Lair:3   | Noticed a five-headed hydra
 15672 | Lair:4   | Found a gate leading to a gauntlet.
 15681 | Gauntlet | Entered a Gauntlet
 15681 | Gauntlet | Found a transporter.
 15692 | Gauntlet | Found a transporter.
 15710 | Gauntlet | Found a transporter.
 15717 | Gauntlet | Found a transporter.
 15721 | Gauntlet | Noticed a balrug
 15727 | Gauntlet | Noticed a reaper
 15733 | Gauntlet | Found a transporter.
 15753 | Gauntlet | Found a transporter.
 15765 | Gauntlet | Found a transporter.
 15777 | Gauntlet | Found a transporter.
 15789 | Gauntlet | Found a transporter.
 15800 | Gauntlet | Noticed a reaper
 15801 | Gauntlet | Found a transporter.
 15819 | Gauntlet | Found a transporter.
 15836 | Gauntlet | Found a transporter.
 15838 | Gauntlet | Found a transporter.
 15868 | Gauntlet | Found a transporter.
 15870 | Gauntlet | Found a transporter.
 15872 | Gauntlet | Found a transporter.
 15921 | Gauntlet | Found a transporter.
 15922 | Gauntlet | Found a transporter.
 15932 | Gauntlet | Identified the amulet of Coil Xisaph {Acrobat Dex+3 Stlth+}
 16094 | Gauntlet | Slain by a meliai

Illustrated notes

Levels and vault maps discovered:
D:1:      dpeg_arrival_long_road, layout_rooms, shapermc_ecumenical_altar_petra,
          minmay_misc_feat_roman
D:2:      layout_loops_cross, serial_park_tiny_2, minmay_misc_feat_more_columns,
          st_stairs_14, chequers_serial_rivers_room_a
D:3:      layout_basic, nicolae_qazlal_scattered_showers,
          nicolae_overflow_crystal_walls, hangedman_decor_growths, uniq_sigmund
D:4:      layout_basic, lightli_temple_of_fire,
          gammafunk_temple_overflow_elements
D:5:      layout_loops_corners, minmay_temple_entry_junction, serial_shops,
          shop_fountains
D:6:      layout_basic, uniq_prince_ribbit1, uniq_menkaure
D:7:      layout_loops_corners, mainiacjoe_overflow_divided_tiny,
          nzn_ghost_randoct, grunt_ministairs_10, nicolae_nh_ransacked_shop,
          uniq_duvessa, uniq_crazy_yiuf_cottage
D:8:      layout_cave_pools, erik_lair_orcish_takeover,
          gammafunk_ghost_stat_death, st_stairs_4
D:9:      layout_basic, mainiacjoe_overflow_24_doors, uniq_psyche
Temple:   nicolae_temple_slightly_damp_pantheon
Lair:1:   layout_regular_city, beast_lair_carwin_9, grunt_megastairs_3
Lair:2:   layout_cave_pods, guppyfry_snake_entry_garden, serial_bayou_shore_b,
          uniq_erica
Lair:3:   layout_regular_city, swamp_mist
Lair:4:   layout_regular_city, dpeg_slime_entry_enclosed,
          gauntlet_entry_generic, chequers_serial_rivers_micro_e,
          dreamdust_mushroom_princess, serial_bayou_shore_a
Gauntlet: gammafunk_gauntlet_one_two_three [gammafunk_gauntlet_arena_mazey,
          nicolae_gauntlet_arena_grate_2, gammafunk_gauntlet_arena_arrow_garden,
          gammafunk_gauntlet_arena_crates, gammafunk_gauntlet_arena_teeth,
          nicolae_gauntlet_swirl, gammafunk_gauntlet_arena_chambers,
          gammafunk_gauntlet_arena_hedges, nicolae_gauntlet_arena_flowing_pool,
          gauntlet_exit_watery]

Skill      XL: |  1  2  3  4  5  6  7  8  9 10 11 12 |
---------------+-------------------------------------+-----
Dodging        | 2 3 4 5 6 |  6.5
Stealth        | 1 2 3 4 5 6 |  6.0
Hexes          | 1 2 3 4 |  4.0
Polearms       | 3 |  3.1
Fighting       | 3 4 5 6 7 |  7.8
Unarmed Combat | 1 2 3 4 5 6 |  6.6
Earth Magic    | 1 2 3 4 5 |  5.8
Invocations    | 1 3 4 6 8 10 11 | 11.4
Conjurations   | 4 5 6 7 |  7.2
Poison Magic   | 2 3 5 |  5.2
Armour         | 2 |  2.5
Spellcasting   | 3 4 |  4.3
Transmutations | 2 |  2.4
Air Magic      | 2 |  2.3

Action                     |  1- 3 |  4- 6 |  7- 9 | 10-12 || total
---------------------------+-------+-------+-------+-------++-------
  Melee: Spear             |   206 |   107 |   201 |   185 ||   699
         Touch             |       |    16 |    39 |    41 ||    96
         Punch             |       |     2 |     2 |    10 ||    14
         Whip              |       |       |       |    32 ||    32
  Throw: Dart              |       |       |       |     7 ||     7
         Throwing net      |       |       |       |     2 ||     2
   Cast: Kiss of Death     |     1 |     2 |       |       ||     3
         Stone Arrow       |       |       |    26 |   114 ||   140
         Mephitic Cloud    |       |       |     1 |    24 ||    25
 Invoke: Lesser Servant of |       |       |       |     5 ||     5
  Evoke: Wand              |       |       |     3 |    12 ||    15
    Use: Potion            |     1 |     2 |     2 |       ||     5
         Scroll            |       |     8 |     6 |     9 ||    23
   Stab: Sleeping          |       |     2 |     3 |     2 ||     7
         Confused          |       |       |       |     5 ||     5
         Invisible         |       |       |       |     2 ||     2
         Distracted        |       |       |       |     2 ||     2
 Armour: Leather armour    |    64 |    41 |    84 |    79 ||   268
  Dodge: Dodged            |   112 |    71 |   170 |   223 ||   576

Table legend: (Time is in decaauts)
 A = Elapsed time spent in this place.
 B = Non-inter-level travel time spent in this place.
 C = Inter-level travel time spent in this place.
 D = Time resting spent in this place.
 E = Time spent auto-exploring this place.
 F = Levels seen in this place.
 G = Mean time per level.
                   A        B        C        D        E       F      G
               +--------+--------+--------+--------+--------+-----+--------+
         Total |  16266 |  15489 |    777 |   2790 |   9019 |  15 | 1084.4 |
       Dungeon |  10818 |  10228 |    590 |   1459 |   6509 |   9 | 1202.0 |
        Temple |    254 |    200 |     54 |      0 |    187 |   1 |  254.0 |
          Lair |   4774 |   4641 |    133 |   1271 |   2323 |   4 | 1193.5 |
      Gauntlet |    418 |    418 |      0 |     60 |      0 |   1 |  418.0 |
               +--------+--------+--------+--------+--------+-----+--------+

Top non-repeatable levels by time:
  Lair:2: 2229 daAuts
  Lair:1: 2014 daAuts
     D:7: 1922 daAuts
     D:6: 1817 daAuts
     D:5: 1521 daAuts
     D:8: 1432 daAuts
     D:3: 1199 daAuts
     D:4: 1034 daAuts
     D:2: 869 daAuts
     D:1: 863 daAuts
Gauntlet: 418 daAuts
  Lair:3: 404 daAuts
  Temple: 254 daAuts
     D:9: 156 daAuts
  Lair:4: 126 daAuts
